 Dungeon Crawl Stone Soup version 0.26-a0-652-gafc20e3620 (webtiles) character file.

Game seed: 12610858062765027778

12 DoubleLucky the Caller (level 2, -14/20 HPs)
             Began as a Merfolk Summoner on Oct 3, 2020.
             Demolished by an orc warrior
             ... wielding a +0 war axe
              (18 damage)
             ... on level 2 of the Dungeon.
             The game lasted 00:04:10 (729 turns).

DoubleLucky the Caller (Merfolk Summoner)            Turns: 729, Time: 00:04:11

Health: -14/20     AC:  2    Str:  8    XL:     2   Next: 33%
Magic:  3/5        EV: 13    Int: 14    God:
Gold:   7          SH:  0    Dex: 14    Spells: 4/5 levels left

rFire    . . .     SeeInvis .   d - +0 trident
rCold    . . .     Faith    .   (no shield)
rNeg     . . .     Spirit   .   a - +0 robe
rPois    .         Reflect  .   (no helmet)
rElec    .         Harm     .   (no cloak)
rCorr    .         Rampage  .   (no gloves)
MR       .....                  (no boots)
Stlth    ++........             (no amulet)
HPRegen  0.06/turn              (no ring)
MPRegen  0.09/turn              (no ring)

@: no status effects
A: change form in water, swift swim, stealthy swim
a: no special abilities


You were on level 2 of the Dungeon.
You visited 1 branch of the dungeon, and saw 2 of its levels.

You collected 7 gold pieces.

Inventory:

Hand Weapons
 c - a +0 dagger
 d - a +0 trident (weapon)
Armour
 a - a +0 robe (worn)
Scrolls
 b - a scroll of blinking {unknown}


   Skills:
 + Level 0.5 Fighting
 + Level 0.2 Armour
 + Level 2.9 Dodging
 + Level 2.4 Stealth
 + Level 2.1 Spellcasting
 + Level 4.1 Summonings


You had 4 spell levels left.
You knew the following spells:

 Your Spells              Type           Power        Failure   Level
a - Summon Small Mammal   Summ           ##..         4%          1

Your spell library contained the following spells:

 Spells                   Type           Power        Failure   Level
 Call Imp                 Summ           ##......     7%          2
 Call Canine Familiar     Summ           ##......     13%         3
 Summon Guardian Golem    Hex/Summ       #.......     30%         3
 Summon Ice Beast         Ice/Summ       #.......     69%         4
 Summon Lightning Spire   Summ/Air       #.......     69%         4


Dungeon Overview and Level Annotations

Branches:
Dungeon (2/15)

Altars:
Gozag


Message History

The orc hits your quokka with a cursed +0 whip.
Your quokka barely misses the orc.
Your bat misses the orc warrior.
The orc wizard gestures at you while chanting.
The magic dart hits you.
* * * LOW HITPOINT WARNING * * *
Your bat closely misses the orc warrior.
Your bat barely misses the orc warrior.
Your magical contamination has completely faded away.
Your bat disappears in a puff of smoke!
The orc wizard gestures wildly while chanting.
The orc wizard seems to speed up.
The orc wizard mumbles some strange words.
The orc wizard blinks!
Casting: Summon Small Mammal (safe; 4% risk of failure)
Confirm with . or Enter, or press ? or * to list all spells.
You swap places.
The orc warrior hits you with a +0 war axe!!
Ouch! That really hurt!
You die...

######### #.......#
#.......#
#.......###########
........'.......@r#
#.......#########o#
.>......# #.#
........# #.#
........# #.#
........# #o#
....##### #.# #####
#.# ###############
#.#


You could see an orc warrior, an orc wizard (fast) and a friendly quokka
(summoned).

Vanquished Creatures
  An adder (D:2)
  A hobgoblin (D:2)
2 creatures vanquished.

Vanquished Creatures (collateral kills)
  An orc (D:2)
  A goblin (D:2)
  A quokka (D:2)
  A bat (D:2)
  A frilled lizard (D:2)
5 creatures vanquished.

Grand Total: 7 creatures vanquished

Notes
Turn   | Place    | Note
-------+----------+-------------------------------------------
     0 | D:1      | DoubleLucky the Merfolk Summoner began the quest for the
                  | Orb.
     0 | D:1      | Reached XP level 1. HP: 13/13 MP: 3/3
    19 | D:1      | You fall into a shaft and drop 1 floor!
   157 | D:2      | Reached XP level 2. HP: 9/20 MP: 0/5
   462 | D:2      | Noticed an orc warrior
   578 | D:2      | Found an opulent altar of Gozag.
   688 | D:2      | HP: 1/20 [orc wizard/magic dart (5)]
   729 | D:2      | Demolished by an orc warrior

Illustrated notes

Levels and vault maps discovered:
D:1:      dpeg_arrival_ratfight, layout_basic
D:2:      layout_basic, nicolae_overflow_hidden_temple

Action                   || total
-------------------------++-------
Melee: Unarmed           ||    11
       Trident           ||     4
       Dagger            ||     2
 Cast: Summon Small Mamm ||    24
Armor: Robe              ||     1
Dodge: Dodged            ||    19

Table legend: (Time is in decaauts)
 A = Elapsed time spent in this place.
 B = Non-inter-level travel time spent in this place.
 C = Inter-level travel time spent in this place.
 D = Time resting spent in this place.
 E = Time spent auto-exploring this place.
 F = Levels seen in this place.
 G = Mean time per level.
                   A        B        C        D        E       F      G
               +--------+--------+--------+--------+--------+-----+--------+
         Total |    729 |    702 |     27 |    222 |    245 |   2 |  364.5 |
       Dungeon |    729 |    702 |     27 |    222 |    245 |   2 |  364.5 |
               +--------+--------+--------+--------+--------+-----+--------+

Top non-repeatable levels by time:
     D:2: 710 daAuts
     D:1: 19 daAuts
